[Event "44th Chess Olympiad Women 2022"]
[Site "Chennai"]
[Date "2022.08.03"]
[Round "6.32"]
[White "Putar, Lara"]
[Black "Bedrosian, Danielle"]
[Result "1-0"]
[WhiteElo "1969"]
[BlackElo "1662"]
[Annotator "NA RC"]
[PlyCount "80"]
[EventDate "2022.??.??"]
[TimeControl "60"]

1. d4 Nf6 2. c4 c5 3. d5 e5 4. Nc3 d6 5. e4 Be7 6. f4 exf4 7. Bxf4 Nbd7 8.
Be2 Nf8 9. Nf3 Ng6 10. Bd2 Nh5 11. O-O Nhf4 12. e5 O-O 13. exd6 Bxd6 14. g3 Nxe2+ 15. Qxe2 h6 16. Be3 Bh3 17. Rf2 Qd7 18. Ne4 Rae8 19. Nfd2 f5 20. Nxd6 Qxd6 21. Qd3 f4 22. Bxf4 Nxf4 23. gxf4 Bf5 24. Qg3 Rf6 25. Rg2 Rg6 26. Qf3 Rxg2+ 27. Kxg2 Qg6+ 28. Kf2 Bg4 29. Rg1 Qc2 30. Qc3 Re2+ 31. Kg3 Bf5 32. Qxc2 Bxc2 33. Nf3 Kf7 34. Ne5+ Ke7 35. Kf3 Rxh2 36. Rxg7+ Ke8 37. Rxb7 Bd1+ 38. Kg3 Rh1 39. d6 Rg1+ 40. Kf2 Rg7 1-0

[Event "44th Chess Olympiad Women 2022"]
[Site "Chennai"]
[Date "2022.08.03"]
[Round "6.33"]
[White "Ning, Isabelle Yixuan"]
[Black "Azhar, Puteri Rifqah Fahad"]
[Result "0-1"]
[WhiteElo "1853"]
[BlackElo "1940"]
[Annotator "NA RC"]
[PlyCount "94"]
[EventDate "2022.??.??"]
[TimeControl "60"]

1. d4 f5 2. Bf4 Nf6 3. e3 e6 4. Nf3 Be7 5. c4 Ne4 6. Nc3 d5 7. Rc1 c6 8. Be2 O-O 9. O-O g5 10. Be5 Nd7 11. cxd5 Nxc3 12. bxc3 exd5 13. c4 g4 14. Ne1 Nxe5 15. dxe5 Be6 16. Nc2 c5 17. Na3 d4 18. exd4 cxd4 19. Qd3 Qc7 20. Nb5 Qxe5 21. Qxd4 Qxd4 22. Nxd4 Bd7 23. c5 Rf6 24. Rfe1 Rc8 25. Bb5 Bxb5 26. Rxe7 Bc6 27. g3 Be4 28. Ne6 Rf7 29. Rxf7 Kxf7 30. Ng5+ Kf6 31. Nxe4+ fxe4 32. Kf1 Ke5 33. Ke2 b6 34. c6 Kd6 35. Ke3 Rxc6 36. Rd1+ Ke5 37. Rd7 Rc3+ 38. Kd2 Rd3+ 39. Rxd3 exd3 40. Kxd3 b5 41. Kc3 a5 42. Kd3 Kd5 43. Ke3 b4 44. f4 gxf3 45. Kxf3 a4 46. Ke3 b3 47. axb3 a3 0-1

[Event "44th Chess Olympiad Women 2022"]
[Site "Chennai"]
[Date "2022.08.03"]
[Round "6.33"]
[White "Sim, Jia Ru"]
[Black "Yu, Weiyang"]
[Result "1-0"]
[WhiteElo "2005"]
[BlackElo "1504"]
[Annotator "NA RC"]
[PlyCount "73"]
[EventDate "2022.??.??"]
[TimeControl "60"]

1. e4 c6 2. d4 d5 3. Nd2 dxe4 4. Nxe4 Nf6 5. Nxf6+ exf6 6. c3 Bd6 7. Bd3 O-O 8. Ne2 Re8 9. Qc2 h5 10. Be3 Nd7 11. O-O-O Nf8 12. Ng3 g6 13. Ne4 Be6 14. Kb1 b5 15. Nc5 Bxc5 16. dxc5 Qa5 17. b3 b4 18. c4 Qc7 19. Bd4 Kg7 20. Qb2 Nh7 21. f4 Qc8 22. h3 a5 23. g4 a4 24. f5 Bd7 25. fxg6 fxg6 26. g5 Bf5 27. Rhf1 axb3 28. axb3 Bxd3+ 29. Rxd3 Re6 30. Bxf6+ Nxf6 31. gxf6+ Kf7 32. Qd2 Ra7 33. Qh6 Qg8 34. Rd8 Qxd8 35. Qg7+ Ke8 36. f7+ Kd7 37. f8=Q+ 1-0

[Event "44th Chess Olympiad Women 2022"]
[Site "Chennai"]
[Date "2022.08.03"]
[Round "6.33"]
[White "Thurner, Anya"]
[Black "Chong, Kai Ni Agnes"]
[Result "1/2-1/2"]
[WhiteElo "1619"]
[BlackElo "1909"]
[Annotator "NA RC"]
[PlyCount "123"]
[EventDate "2022.??.??"]
[TimeControl "60"]

1. e4 c5 2. b3 g6 3. Bb2 Nf6 4. e5 Nd5 5. Nc3 Nxc3 6. Bxc3 Bg7 7. f4 O-O 8. Nf3 Nc6 9. Bb5 d6 10. O-O Bd7 11. exd6 exd6 12. Bxg7 Kxg7 13. Kh1 Qf6 14. Ng5 d5 15. Bxc6 Bxc6 16. d3 h6 17. Nh3 d4 18. Qg4 Rae8 19. Rae1 Re3 20. Rxe3 dxe3 21. Qe2 Re8 22. a4 a6 23. Ng1 b5 24. axb5 axb5 25. h3 Bd7 26. Kh2 h5 27. Rf3 b4 28. g3 Qd4 29. Rf1 Qb2 30. Nf3 f6 31. Ne1 Bc6 32. Ng2 Qd4 33. Re1 Qd5 34. Qf1 Qd4 35. Qe2 Bxg2 36. Kxg2 Qc3 37. Kf3 g5 38. fxg5 fxg5 39. Kg2 Qd2 40. Qxd2 exd2 41. Rd1 Re2+ 42. Kf3 Rh2 43. h4 gxh4 44. gxh4 Rxh4 45. Rxd2 Rg4 46. Re2 Kf6 47. Re8 Rg5 48. Re4 Rd5 49. Rc4 Kf5 50. Kg3 Kg5 51. Kh3 Re5 52. Kg3 Kf5 53. Kf3 Rd5 54. Kg3 Ke5 55. Kf3 Kd6 56. Rh4 Rg5 57. Kf2 Kd5 58. Kf3 Ke5 59. Re4+ Kf5 60. Rf4+ Ke5 61. Re4+ Kd5 62. Rh4 1/2-1/2

[Event "44th Chess Olympiad Women 2022"]
[Site "Chennai"]
[Date "2022.08.03"]
[Round "6.34"]
[White "Guerrero Rodriguez, Alejandra"]
[Black "Almanzar Vasquez, Jeniffer Maria"]
[Result "1-0"]
[WhiteElo "2006"]
[BlackElo "1762"]
[Annotator "NA RC"]
[PlyCount "37"]
[EventDate "2022.??.??"]
[TimeControl "60"]

1. e4 e5 2. Nf3 Nc6 3. Bb5 a6 4. Ba4 Nf6 5. O-O Bc5 6. c3 b5 7. Bb3 d6 8. d4 Bb6 9. Be3 Bb7 10. d5 Bxe3 11. dxc6 Bxf2+ 12. Rxf2 Bxc6 13. Nbd2 Nxe4 14. Nxe4 Bxe4 15. Bxf7+ Ke7 16.
Ng5 Bb7 17. Ne6 Qd7 18. Qg4 Qc6 19. Qxg7 1-0

[Event "44th Chess Olympiad Women 2022"]
[Site "Chennai"]
[Date "2022.08.03"]
[Round "6.34"]
[White "Munoz Santana, Doribel"]
[Black "Avila Fraire, Ameyalli"]
[Result "1/2-1/2"]
[WhiteElo "1851"]
[BlackElo "1907"]
[Annotator "NA RC"]
[PlyCount "78"]
[EventDate "2022.??.??"]
[TimeControl "60"]

1. d4 Nf6 2. Nf3 d5 3. e3 e6 4. Bd3 c5 5. c3 Nc6 6. O-O b6 7. Nbd2 Bb7 8. Re1 Be7 9. b3 O-O 10. Bb2 Rc8 11. Rc1 Bd6 12. e4 dxe4 13.
Nxe4 cxd4 14. Nxd6 Qxd6 15. cxd4 Nb4 16. Rxc8 Rxc8 17. Bb1 Nbd5 18. Qd2 Qf4 19. Rc1 Rxc1+ 20. Bxc1 Qxd2 21. Bxd2 Ne8 22. Bd3 Nd6 23. Ne1 Nf5 24. Nc2 Nh4 25. f3 g6 26. Kf2 Nf5 27. g4 Nfe7 28.
Be4 Ba6 29. Nb4 Nxb4 30. Bxb4 Nd5 31. Bxd5 exd5 32. g5 Kg7 33. Bd6 Bd3 34. Bb8 a6 35. Be5+ Kf8 36. Bf6 Ke8 37. Ke3 Bb1 38. a3 Kd7 39. Kd2 Bf5 1/2-1/2

[Event "44th Chess Olympiad Women 2022"]
[Site "Chennai"]
[Date "2022.08.03"]
[Round "6.34"]
[White "Rosario Almanzar, Raydily"]
[Black "Corrales Jimenez, Zenia"]
[Result "1/2-1/2"]
[WhiteElo "1882"]
[BlackElo "2143"]
[Annotator "NA RC"]
[PlyCount "61"]
[EventDate "2022.??.??"]
[TimeControl "60"]

1. d4 d5 2. c4 e6 3. cxd5 exd5 4. Nc3 Nf6 5. Bg5 Bb4 6. e3 h6 7. Bh4 O-O 8. Bd3 Re8 9. a3 Be7 10. Nf3 Nbd7 11. O-O c6 12. Qc2 Ne4 13. Bxe7 Qxe7 14. b4 a6 15. Na4 Nd6 16. Rfe1 b5 17. Nc5 Nxc5 18. dxc5 Ne4 19. Bxe4 dxe4 20. Nd4 Bd7 21. Red1 Qg5 22. Ne2 Bg4 23. Rd6 Bxe2 24. Qxe2 a5 25. Rxc6 axb4 26. Qxb5 Qe5 27. Ra2 Qd5 28. Ra1 bxa3 29. g3 Qe5 30. Ra2 Qd5 31. Ra1 1/2-1/2

[Event "44th Chess Olympiad Women 2022"]
[Site "Chennai"]
[Date "2022.08.03"]
[Round "6.35"]
[White "Hng, Mei-En Emmanuelle"]
[Black "Garcia, Angie"]
[Result "1/2-1/2"]
[WhiteElo "1997"]
[BlackElo "1894"]
[Annotator "NA RC"]
[PlyCount "81"]
[EventDate "2022.??.??"]
[TimeControl "60"]

1. e4 e6 2. d3 d5 3. Qe2 c5 4. Nf3 Nc6 5. g3 Nf6 6. Bg2 Be7 7. O-O d4 8.
Nbd2 O-O 9. a4 e5 10. Nc4 Qc7 11. Bg5 h6 12. Bd2 Be6 13. Nh4 Qc8 14. Nf5 Bxf5 15. exf5 Qxf5 16. f4 Qe6 17. fxe5 Nd7 18. Rae1 Rab8 19. Bf3 Nb6 20. Bg4 f5 21. exf6 Qxe2 22. Rxe2 Nxc4 23. Be6+ Kh8 24. fxg7+ Kxg7 25. Bxc4 Rxf1+ 26. Kxf1 Rf8+ 27. Kg2 Bf6 28.
Bf4 b6 29. Re6 Nb4 30. c3 dxc3 31. bxc3 Nc2 32. Bc1 Bg5 33. Bxg5 hxg5 34. Bb3 Na1 35. Bd5 Nc2 36. Re2 Rd8 37. c4 Nb4 38. Re7+ Kf6 39. Rf7+ Ke5 40. g4 Kd4 41. Be4 1/2-1/2

[Event "44th Chess Olympiad Women 2022"]
[Site "Chennai"]
[Date "2022.08.03"]
[Round "6.35"]
[White "Hng, Mei-Xian Eunice"]
[Black "Palacios, Celina"]
[Result "1-0"]
[WhiteElo "1823"]
[BlackElo "1715"]
[Annotator "NA RC"]
[PlyCount "109"]
[EventDate "2022.??.??"]
[TimeControl "60"]

1. e4 g6 2. d4 Bg7 3. Nc3 d6 4. Nf3 Nf6 5. Bc4 c6 6. a4 O-O 7. h3 Qc7 8. O-O e5 9. dxe5 dxe5 10. Be3 Nbd7 11. a5 h6 12. Qd2 Kh7 13. Rfd1 Ne8 14. Qd3 f5 15. Be6 fxe4 16. Nxe4 Ndf6 17. Bxc8 Nxe4 18. Qxe4 Rxc8 19. Bxa7 Nd6 20. Qe2 Nb5 21. Bc5 Rfe8 22. Qe4 Qf7 23. Bb6 Re6 24. Re1 Nd6 25. Qe2 Nf5 26. Rad1 c5 27. Qc4 Qe8 28. Qe4 Nd6 29. Qd5 e4 30. Bxc5 Rd8 31. Qb3 Nf7 32. Rxd8 Nxd8 33. Nd2 Qc6 34. Bb6 Nf7 35. Nc4 Ng5 36. Ne3 Re8 37. c3 Qd7 38. Qd5 Qe7 39. Rd1 Qf6 40.
Bd4 Qe7 41. Bxg7 Kxg7 42. Qd7 Kf7 43. Nc4 Kf8 44. Qxe7+ Rxe7 45. Re1 Nf7 46. Kf1 Ke8 47. Rd1 Re6 48. h4 Ke7 49. Ke2 h5 50.
Ke3 Nh6 51. Ke2 Ng4 52. Ne3 Ne5 53. Rd5 Nd3 54. Rb5 Nf4+ 55.
Kf1 1-0

[Event "44th Chess Olympiad Women 2022"]
[Site "Chennai"]
[Date "2022.08.03"]
[Round "6.35"]
[White "Ortez, Andrea"]
[Black "Khegay, Anjela"]
[Result "1-0"]
[WhiteElo "1908"]
[BlackElo "2131"]
[Annotator "NA RC"]
[PlyCount "75"]
[EventDate "2022.??.??"]
[TimeControl "60"]

1. e4 g6 2. d4 Bg7 3. Nf3 d6 4. h3 Nf6 5. Nc3 O-O 6. Be3 Nbd7 7. e5 Ne8 8.
Bc4 Nb6 9. Bb3 d5 10. a4 c6 11. a5 Nc4 12. Bxc4 dxc4 13. Qe2 Be6 14. Nd2 c5 15. dxc5 Bxe5 16. Nxc4 Bxc3+ 17. bxc3 Qd5 18. Nb2 Qxg2 19. O-O-O Nf6 20. Rdg1 Qd5 21. c4 Qe5 22. h4 h5 23. Rg5 Qe4 24. f3 Qc6 25. Rhg1 Rfd8 26. Qg2 Kf8 27. Re5 b6 28. Qg5 Ng8 29. Qf4 Ke8 30. Rxh5 f6 31. Rh8 Bf7 32. Qh6 Qe6 33. Re1 Qf5 34. Qg7 bxc5 35. Bh6 g5 36. Rxg8+ Kd7 37. Rxd8+ Rxd8 38. Rd1+ 1-0

[Event "44th Chess Olympiad Women 2022"]
[Site "Chennai"]
[Date "2022.08.03"]
[Round "6.35"]
[White "Zavala Galindo, Alejandra Beatriz"]
[Black "Liu, Yang Hazel"]
[Result "0-1"]
[WhiteElo "1748"]
[BlackElo "2046"]
[Annotator "NA RC"]
[PlyCount "78"]
[EventDate "2022.??.??"]
[TimeControl "60"]

1. e4 c5 2. Nf3 a6 3. c4 d6 4. d4 cxd4 5. Nxd4 Nf6 6. Nc3 e6 7. Be3 Be7 8. Be2 O-O 9. O-O b6 10. f3 Bb7 11. Qd2 Nbd7 12. Nc2 Qc7 13. Rfd1 Rfd8 14. Rac1 Rac8 15. Ne1 Qb8 16. b3 Qa8 17. Na4 Qa7 18. Bf1 Nc5 19. Nxc5 dxc5 20. Qc3 Qb8 21. Nd3 Nd7 22. Bf4 Bd6 23. e5 Bc7 24. Bg3 Nf8 25. Nf2 Ng6 26. f4 h5 27. h4 Ne7 28. Be2 Qa8 29. Bf1 Nf5 30.
Nh3 Nd4 31. Qe1 Nf5 32. Qc3 Rxd1 33. Rxd1 Rd8 34. Nf2 Rxd1 35. Nxd1 Qd8 36. Qe1 Nxg3 37. Qxg3 Qxd1 38. Qg5 g6 39. Qe7 Qd8 0-1

[Event "44th Chess Olympiad Women 2022"]
[Site "Chennai"]
[Date "2022.08.03"]
[Round "6.36"]
[White "Malan, Lucia"]
[Black "Guo, Yu Han"]
[Result "0-1"]
[WhiteElo "1741"]
[BlackElo "1630"]
[Annotator "NA RC"]
[PlyCount "50"]
[EventDate "2022.??.??"]
[TimeControl "60"]

1. e4 c6 2. d4 d5 3. Nd2 dxe4 4. Nxe4 Nf6 5. Nxf6+ exf6 6. c3 Bd6 7. Bd3 O-O 8. Qc2 Re8+ 9. Ne2 h5 10. O-O h4 11. Be3 Nd7 12. c4 Nf8 13.
c5 Bb8 14. Rad1 Qc7 15. g3 g5 16. Nc3 Bg4 17. Rd2 Qd7 18.
d5 hxg3 19. hxg3 Kg7 20. d6 Ng6 21. Bd4 Bf3 22. Bf5 Rh8 23.
Bxf6+ Kxf6 24. Nd5+ cxd5 25. Qc3+ Ne5 0-1

[Event "44th Chess Olympiad Women 2022"]
[Site "Chennai"]
[Date "2022.08.03"]
[Round "6.36"]
[White "Mills, Morgen"]
[Black "Roepke, Sofia"]
[Result "1-0"]
[WhiteElo "1993"]
[BlackElo "1869"]
[Annotator "NA RC"]
[PlyCount "135"]
[EventDate "2022.??.??"]
[TimeControl "60"]

1. e4 e6 2. d4 d5 3. exd5 exd5 4. Bd3 Nc6 5. c3 Bd6 6. Qf3 Nge7 7. Nh3 Bxh3 8. Qxh3 Qd7 9. Qxd7+ Kxd7 10. Nd2 Rae8 11. O-O Kc8 12. b4 Kb8 13. b5 Na5 14. Bb2 Nc8 15. Nb3 Nc4 16. Bxc4 dxc4 17. Nd2 Nb6 18. g3 Re2 19. Rfd1 Na4 20. Rab1 Nb6 21. Kf1 Rhe8 22. Nf3 Na4 23. Rd2 R2e7 24. Rc2 Kc8 25. Bc1 Kd7 26. Be3 Nb6 27. Nd2 c6 28. a4 Nxa4 29. bxc6+ Kxc6 30. Nxc4 Kc7 31. Nxd6 Kxd6 32. c4 Rc8 33. Rcc1 a6 34. Rb4 b5 35. cxb5 Rxc1+ 36. Bxc1 axb5 37. Rxb5 Kc6 38. Ra5 Nb6 39. Rc5+ Kd7 40. Bf4 Re4 41. Be3 Na4 42. Rc2 Kd6 43. Ke2 Re7 44. Kd3 Rb7 45. Ra2 Nb2+ 46. Kc3 Nd1+ 47. Kc2 Nxe3+ 48. fxe3 Kd5 49. Ra5+ Ke4 50. Re5+ Kf3 51. Kd3 g6 52. d5 Kg2 53. g4 Kxh2 54. g5 Kg3 55. Kc4 Kg4 56. d6 Rb1 57. d7 Rc1+ 58.
Kb5 Rb1+ 59. Kc6 Rc1+ 60. Kd6 Rd1+ 61. Ke7 Rxd7+ 62. Kxd7 Kh5 63. Ke7 h6 64. gxh6+ Kxh6 65. Kxf7 g5 66. Rf5 g4 67. e4 g3 68. Rf3 1-0

[Event "44th Chess Olympiad Women 2022"]
[Site "Chennai"]
[Date "2022.08.03"]
[Round "6.36"]
[White "Ouellet, Maili-Jade"]
[Black "Quevedo, Andreina"]
[Result "1-0"]
[WhiteElo "2239"]
[BlackElo "1841"]
[Annotator "TA"]
[PlyCount "101"]
[EventDate "2022.??.??"]
[TimeControl "60"]

1. d4 Nf6 2. c4 e6 3. Nf3 Bb4+ 4. Bd2 Qe7 5. g3 O-O 6. Bg2 Nc6 7. O-O a5 8. Nc3 d6 9. Rc1 e5 10. d5 {[%emt 0:01:36] E11: Bogo-Indian.} (10. Nd5 {looks sharper.} Nxd5 11.
cxd5 Nxd4 12. Nxd4 exd4 13. Bxb4 axb4 14. Qxd4 Rxa2 15. Qxb4 Qxe2 16. Rxc7 Qxb2
17. Qxd6 Qd4 18. Qc5) 10... Nb8 11. Bg5 Bxc3 12. Rxc3 {[%emt 0:01:05] [#] The position is equal.} h6 $146 ({Predecessor:} 12... Na6 13. Qc2 h6 14. Bd2 Nc5 15. Ra3 a4 16.
Nh4 e4 17. f4 Bd7 18. Be3 Rfb8 {0-1 (35) Shalimov,V (2464)-Kucherenko,D (2226)
Simferopol 2003}) 13. Bxf6 Qxf6 14. c5 Na6 15. cxd6 cxd6 16. Nd2 Nc5 17. f4 Bg4 (17... exf4 $11 {remains equal.} 18. Rxf4 Qe7) 18. h3 Bd7 19. fxe5 Qxe5 20. Nc4 Qe7 21. Re3 (21. Qd4 $1 $16) 21... Qg5 22. Qd4 Rae8 23. Rff3 Qg6 24. Qf4 Ne4 25. Rf1 $132 {[%emt 0:05:15] White is
fighting back} f5 26. Nxa5 Bc8 27. Qh4 (27. Nc4 {is more complex.} b5 28. Nb6 Qh7 29.
Bxe4 fxe4 30. Qxd6 Bxh3 31. Rxf8+ Rxf8 32. Nd7) 27... Nd2 28. Rxe8 Rxe8 29. Re1 Ne4 {[%emt 0:00:32] Black has compensation.} 30. Kh2 Qf7 31. Rd1 (31. Rc1 $11) 31... Kh7 (31... Qc7 $17 32. Nb3 Qc2) 32. Qf4 $1 $11 Qf6 (32... g5 $14 33. Qe3 Kg8) 33. Nc4 (33. Rc1 $1 $16)
33... g5 (33... b5 $1 $11 34. Nb6 g5) 34. Qf3 ({White should try} 34. Qe3 $16) 34... b5 35. Nb6 {[%emt 0:00:
24] aiming for Rc1.} Bb7 36. Qb3 Ba6 37. Qa3 {[%emt 0:00:27] [#]} Nc5 {[%emt 0:01:20] Loses the
game.} (37... f4 $1 $11 38. Nd7 (38. Qxa6 $2 fxg3+ 39. Kh1 Nf2+ 40. Kg1 Nxd1
$19) 38... Qf5 39. Bxe4 Rxe4) 38. b4 $18 Na4 (38... Ne4 $142 39. Qxa6 f4 40. Qxb5 fxg3+ 41. Kg1 (41. Kh1 $2 Nf2+ 42. Kg1
Nxh3+ 43. Kh1 Nf2+ 44. Kg1 Nxd1 $19) 41... Qf2+ 42. Kh1 Re7) 39. Nxa4 bxa4 40. Qxa4 Bxe2 41. Qxe8 {[%emt 0:33:18] Intending Re1 and mate.} Bxd1 {[%emt 0:30:05] Endgame
KQB-KQB} 42. Qe1 Ba4 {[%emt 0:00:00] [#]} 43. Qe2 {[%emt 0:00:
00] Prevents Bb5.} (43. Qb1 $1 $18) 43... Kg7 (43... f4 $16)
44. b5 f4 45. Bf3 {
[%emt 0:00:00] And now b6 would win.} fxg3+ (45... Qd4 $142
46. gxf4 gxf4) 46. Kxg3 {[%emt 0:00:00] Threatens to win with b6.} Qf4+ (46... Qd4 {might work better.} 47. Kg2 Kf8) 47. Kg2 {[%emt 0:
00:00] Strongly threatening b6.} Qf6 $2 (47... Qd4 48. Qe7+
Kg8 49. Qe8+ Kg7 50. Qd7+ Kg8 51. Qe6+ Kg7 52. Qd7+ (52. Qxd6 Bxb5 53. Qe7+ Kg8
$14) 52... Kg8 53. Qc8+ Kh7 54. Qc7+ Kg8 55. Qc8+ Kh7 56. Qc7+ Kg8 57. Qc8+)
48. b6 {[%emt 0:00:00] Hoping for Bh5.} Qd8 49. Qb2+ (49. b7 $142 Qb6 50. Qe7+ Kg8 51. Bh5 Qb2+ 52. Kg3 Qc3+ 53. Bf3 Qb4 54.
Qd8+ Kh7 55. Qc7+ Bd7 56. Qxd7+ Kh8 57. Qe8+ Kg7 58. Qd7+ Kf6 59. Qe6+ Kg7 60.
Qe7+ Kg8 61. Qe8+ Kg7 62. b8=Q) 49... Kg8 50. b7 Qb8 51. Qb6 {[%emt 0:00:00] Weighted Error Value:
White=0.29 (precise) /Black=0.73} 1-0

[Event "44th Chess Olympiad Women 2022"]
[Site "Chennai"]
[Date "2022.08.03"]
[Round "6.36"]
[White "Silva Rosas, Natalia"]
[Black "Demchenko, Svitlana"]
[Result "0-1"]
[WhiteElo "1780"]
[BlackElo "2122"]
[Annotator "NA RC"]
[PlyCount "70"]
[EventDate "2022.??.??"]
[TimeControl "60"]

1. e4 e5 2. d4 exd4 3. c3 Qe7 4. Bd3 d5 5. Qe2 dxe4 6. Bxe4 Nf6 7. Bd3 Nc6 8. Bg5 Be6 9. Nf3 h6 10. Bh4 O-O-O 11. O-O Bg4 12. h3 Qxe2 13. Bxe2 d3 14. Bxf6 dxe2 15. Bxd8 exf1=Q+ 16. Kxf1 Bxf3 17. Bh4 Be4 18.
Nd2 Bd3+ 19. Kg1 Bd6 20. f3 Re8 21. Rd1 Ne5 22. Nb3 Bc2 23.
Rd2 Bxb3 24. axb3 Ng6 25. Bf2 Bf4 26. Rd3 Re2 27. g3 Bd6 28.
f4 Rxb2 29. c4 b6 30. Kf1 Bc5 31. Be1 Ne7 32. g4 Nc6 33. g5 h5 34. f5 Rb1 35. Ke2 Nd4+ 0-1

[Event "44th Chess Olympiad Women 2022"]
[Site "Chennai"]
[Date "2022.08.03"]
[Round "6.37"]
[White "Gomez Barrera, Javiera Belen"]
[Black "Zairbek kyzy, Begimai"]
[Result "1-0"]
[WhiteElo "2210"]
[BlackElo "1949"]
[Annotator "TA"]
[PlyCount "77"]
[EventDate "2022.??.??"]
[TimeControl "60"]

1. e4 c6 2. d4 d5 3. e5 c5 4. dxc5 e6 5. Bd3 Bxc5 6. Qg4 {[%emt 0:03:20] B12: Caro-Kann:
Advance Variation.} Ne7 7. b4 Bb6 8. Nf3 {[%emt 0:11:16] The position is equal.} (8. Qxg7 Rg8 9. Qxh7 Bd4
$15) 8... Ng6 9. h4 {[%emt 0:01:15][%cal Yh2h4,Yh4h5] [#]
Hoping for h5.} Nc6 $146 ({Better is} 9... Nd7 $11) ({
Predecessor:} 9... f5 10. Qg3 O-O 11. h5 Nh8 12. Bg5 Qc7 13. Nbd2 a5 14. b5 Nd7
15. Be7 Nxe5 16. Bxf8 Nxf3+ 17. Nxf3 Qxg3 18. fxg3 Kxf8 {1-0 (46) Moussard,J 
(2625)-Plazuelo Pascual,J (2448) Barcelona 2020}) 10. h5 $1 $14 Nge7 (10... Ngxe5 $14 11. Nxe5 (11. Qxg7 $2 Nxf3+ 12. gxf3
Bd4 $19) 11... Qf6 12. Nxc6 bxc6) 11. Qxg7 $18 Rg8 12. Qxh7 Qc7 {[%emt 0:10:29] [#]} 13. Bf4 (13. Bb5 Bd7 14. Bxc6 Bxc6 $14) (13. h6 $1 $18 {and the rest is easy.} Kf8
14. Kd1) 13... Nxb4 (13... Bd7 $16 {was necessary.}) 14. O-O ({Wrong is} 14. Ng5 $2 {[#]} Rxg5 $1 15. h6 Nxd3+ 16. Qxd3 Rg8
$19) 14... Bd7 15. Bg5 Nbc6 16. Bf6 {[%emt 0:01:32] aiming for h6.} Bd4 $2 (16... O-O-O
17. Nc3 (17. Qxf7 Rdf8 $18) 17... a6 18. Qxf7 Rdf8) 17. Nxd4 {[%emt 0:03:07]
Really sharp!} Nxd4 18. Nd2 {[%emt 0:00:29] Inhibits Nf3+. h6
is the strong threat.} Bb5 19. Bxb5+ Nxb5 20. h6 Rf8 21. Bg7 O-O-O 22. Bxf8 Rxf8 23. Qg7 Qd8 24. Qf6 Rh8 25. Nf3 Nf5 $2 (25... Qf8)
26. Qxd8+ {[%emt 0:00:10] White is clearly winning.} Kxd8 27.
Ng5 Nxh6 28. Rfb1 Nc7 29. Rxb7 {[%emt 0:00:02] Black must now prevent Rb8+.} Kd7 30. Rab1 Rg8 31. Nf3 Nf5 32. R1b3 Ne7 33. Nd4 Nc6 34. Rc3 Kc8 35. Rxc7+ $1 ({Weaker is} 35. Nxc6 Kxb7 36.
Na5+ Kb6 $16) 35... Kxc7 36. Rxc6+ Kb7 37. Rd6 Rg4 38. c3 Re4 39. Rd7+ {[%emt 0:00:00] Black got outplayed
after the opening. Weighted Error Value: White=0.19 (very precise) /Black=0.59}
1-0

[Event "44th Chess Olympiad Women 2022"]
[Site "Chennai"]
[Date "2022.08.03"]
[Round "6.37"]
[White "Samaganova, Alexandra"]
[Black "Morales Flores, Monserrat"]
[Result "1-0"]
[WhiteElo "1864"]
[BlackElo "1946"]
[Annotator "NA RC"]
[PlyCount "81"]
[EventDate "2022.??.??"]
[TimeControl "60"]

1. c4 Nf6 2. Nc3 g6 3. g3 Bg7 4. Bg2 O-O 5. e3 d6 6. Nge2 c5 7. O-O Nc6 8. a3 e6 9. d4 cxd4 10. exd4 e5 11. d5 Na5 12. b3 Bf5 13.
h3 h5 14. Be3 b6 15. Nc1 Qc8 16. Kh2 Nb7 17. Nd3 Nc5 18. Nb4 Re8 19. Nc6 Nce4 20. Ne2 Nc5 21. b4 Nb7 22. Nc3 Kh7 23. Qe2 Nd8 24. Nb5 Qd7 25. Rfd1 Ng8 26. c5 bxc5 27. bxc5 dxc5 28. Bxc5 e4 29. Rac1 Nxc6 30. dxc6 Qxc6 31. Bxa7 Qa6 32. Rd6 Qa4 33. Be3 Rac8 34. Rb1 Rc2 35. Qd1 Qc4 36. Bf1 Qc8 37. Na7 Qc3 38. Kg1 Qxa3 39. Ra6 Qc3 40. Rc6 Qxc6 41. Nxc6 1-0

[Event "44th Chess Olympiad Women 2022"]
[Site "Chennai"]
[Date "2022.08.03"]
[Round "6.37"]
[White "Sezdbekova Aizhan"]
[Black "Sanchez Tobar, Francisca Valenti"]
[Result "1/2-1/2"]
[WhiteElo "1615"]
[BlackElo "1839"]
[Annotator "NA RC"]
[PlyCount "112"]
[EventDate "2022.??.??"]
[TimeControl "60"]

1. e4 e5 2. Nf3 Nc6 3. Bc4 Bc5 4. c3 Nf6 5. d3 a6 6. b4 Ba7 7. Bg5 h6 8. Bh4 d6 9. Nbd2 Be6 10. a4 O-O 11. O-O Qd7 12. Bxf6 gxf6 13. Nh4 Kh7 14. Qf3 Qd8 15. Qh5 Ne7 16. Kh1 Qd7 17. h3 c6 18.
Bb3 d5 19. Kh2 Rg8 20. Rae1 Ng6 21. Nxg6 fxg6 22. Qe2 d4 23. Bxe6 Qxe6 24. c4 b5 25. Ra1 Bb6 26. Rfc1 Rgc8 27. a5 Bd8 28. c5 Bc7 29. Rf1 Rf8 30. Kh1 Rae8 31. Rae1 Rf7 32. f3 h5 33. Rb1 Bd8 34. f4 exf4 35. Rxf4 Bc7 36. Rf3 g5 37. Rf5 Kg6 38. Qf2 Qa2 39. Qe1 Bf4 40. Nb3 Be3 41. Qd1 Re5 42. Rf1 g4 43. Ra1 Qb2 44. Rb1 Qc3 45.
Na1 Qd2 46. Qxd2 Bxd2 47. Nc2 Bc3 48. Rf4 gxh3 49. gxh3 Rg5 50. Kh2 Re7 51. Rbf1 Re6 52. h4 Rge5 53. Kg3 Kg7 54. R4f2 Kg6 55.
Rf5 Kg7 56. R5f2 Kg6 1/2-1/2

[Event "44th Chess Olympiad Women 2022"]
[Site "Chennai"]
[Date "2022.08.03"]
[Round "6.37"]
[White "Toro Pradenas, Maria Jose"]
[Black "Abaeva, Aiana"]
[Result "1-0"]
[WhiteElo "1945"]
[BlackElo "1595"]
[Annotator "NA RC"]
[PlyCount "109"]
[EventDate "2022.??.??"]
[TimeControl "60"]

1. e4 e5 2. Nf3 Nc6 3. Bb5 a6 4. Ba4 Nf6 5. d3 d6 6. c3 b5 7. Bc2 Bg4 8. h3 Bh5 9. Nbd2 Be7 10. Nf1 d5 11. Ng3 Bg6 12. O-O dxe4 13.
dxe4 Qxd1 14. Rxd1 Nd7 15. a4 b4 16. Be3 Na5 17. Rd5 Nc4 18.
Bc1 bxc3 19. bxc3 Ndb6 20. Rd1 a5 21. Kf1 O-O 22. Nd2 Rad8 23.
Bb3 Nxd2+ 24. Bxd2 Nd7 25. Be3 c6 26. Bc4 Nc5 27. Bxc5 Bxc5 28. Rxd8 Rxd8 29. Rb1 h6 30. Ke2 Kf8 31. Rb7 Ke8 32. Nf5 Bf8 33.
Rc7 Rb8 34. Rxc6 Bxf5 35. exf5 f6 36. Bb5 Kf7 37. Rc7+ Kg8 38.
Ra7 Rc8 39. Kd3 Bc5 40. Bc4+ Kh7 41. Rxa5 Bxf2 42. Bd5 Be1 43. Ra8 e4+ 44. Bxe4 Rxc3+ 45. Ke2 Bg3 46. a5 Ra3 47. Bd5 h5 48. a6 Be5 49. Bf3 h4 50. Bb7 Kh6 51. Rh8+ Kg5 52. Rh7 Kxf5 53. Rxg7 Ke6 54. Rh7 Bg3 55. a7 1-0

[Event "44th Chess Olympiad Women 2022"]
[Site "Chennai"]
[Date "2022.08.03"]
[Round "6.38"]
[White "Berezovska, Svetlana"]
[Black "Maklakova, Nellija"]
[Result "*"]
[WhiteElo "1781"]
[BlackElo "1819"]
[Annotator "NA RC"]
[PlyCount "70"]
[EventDate "2022.??.??"]
[TimeControl "60"]

1. e4 e6 2. d4 d5 3. Bd3 c5 4. dxc5 Bxc5 5. exd5 exd5 6. Nf3 Bg4 7. O-O Nc6 8. Nc3 Nge7 9. Bg5 f6 10. Bf4 O-O 11. h3 Bh5 12. Re1 Qb6 13.
Bg3 Qxb2 14. Nb5 Qb4 15. Rb1 Qa5 16. Nc7 Bb4 17. c3 Bxc3 18.
Rb5 Qxa2 19. Re2 Bxf3 20. gxf3 Qa1 21. Rb1 Qa5 22. Nxa8 Rxa8 23. Rxb7 Bb4 24. Qb1 Kf8 25. Ra2 Qc5 26. Bxh7 a5 27. Bd3 Rc8 28. Kg2 Nd4 29. Rd7 Qc6 30. Ra7 Qe6 31. Ra6 Qf7 32. Ra7 Qh5 33. Qd1 Nec6 34. Rd7 Re8 35. h4 Re1 *

[Event "44th Chess Olympiad Women 2022"]
[Site "Chennai"]
[Date "2022.08.03"]
[Round "6.38"]
[White "Dubois, Martine"]
[Black "Berzina, Ilze"]
[Result "1/2-1/2"]
[WhiteElo "1782"]
[BlackElo "2141"]
[Annotator "NA RC"]
[PlyCount "73"]
[EventDate "2022.??.??"]
[TimeControl "60"]

1. e4 c6 2. Nf3 d5 3. exd5 cxd5 4. Ne5 a6 5. d4 Nc6 6. c3 Nxe5 7. dxe5 Bf5 8.
Bd3 Bxd3 9. Qxd3 e6 10. O-O Qc7 11. Bf4 Ne7 12. Re1 h6 13.
Nd2 Nf5 14. Nf3 g5 15. Bg3 Bg7 16. Nd4 Nxd4 17. Qxd4 Rc8 18. Qe3 Qc5 19. Qf3 O-O 20. h4 b5 21. hxg5 hxg5 22. Qg4 Qe7 23. f4 Rc4 24. b3 Rxc3 25.
fxg5 Rfc8 26. Rf1 Qc5+ 27. Bf2 Qc7 28. Bd4 Bxe5 29. Bxc3 Bxc3 30. Rad1 Kg7 31. Rf3 Rh8 32. Rh3 Qc5+ 33. Kh1 b4 34. Rxh8 Kxh8 35. Rd3 Qf2 36. Rh3+ Kg7 37. Qd1 1/2-1/2